 Dungeon Crawl Stone Soup version 0.29.1-1-gd02db69 (webtiles) character file.

Game seed: 3686448886019510891

67739 Kel the Severer (level 15, -3/103 HPs)
             Began as a Gargoyle Berserker on Dec 7, 2022.
             Was a High Priest of Trog.
             Killed from afar by a bog body (21 damage)
             ... with a bolt of cold
             ... on level 3 of the Lair of Beasts on Dec 8, 2022.
             The game lasted 00:54:25 (26095 turns).

Kel the Severer (Gargoyle Berserker)               Turns: 26095, Time: 00:54:26

Health: -3/103     AC: 40    Str: 31    XL:     15   Next: 24%
Magic:  15/15      EV:  9    Int: 11    God:    Trog [*****.]
Gold:   1133       SH:  5    Dex: 24    Spells: 14/14 levels left

rFire   . . .      SeeInvis .   v - +6 battleaxe
rCold   x . .      Faith    .   (shield currently unavailable)
rNeg    + + .      Spirit   .   c - +0 plate armour
rPois   ∞          Reflect  +   e - +2 helmet of Cowardice {rC- Dex+9}
rElec   +          Harm     .   t - +2 cloak
rCorr   .          Rampage  .   N - +2 pair of gloves
Will    ++...                   u - +0 pair of boots
Stlth   ..........              n - amulet of reflection
HPRegen 0.27/turn               q - +6 ring of dexterity
MPRegen 0.14/turn               z - ring "Xet Rue" {rN+ Will+ Str+3 Int+3}

@: about to teleport, flying
A: sickness immunity, AC +11, big wings, negative energy resistance 1,
electricity resistance, torment resistance 1, petrification resistance
a: Renounce Religion, Berserk, Trog's Hand, Brothers in Arms


You were on level 3 of the Lair of Beasts.
You worshipped Trog.
Trog was extremely pleased with you.
You visited 2 branches of the dungeon, and saw 19 of its levels.

You collected 1133 gold pieces.

Inventory:

Hand Weapons
 v - a +6 battleaxe (weapon)
Missiles
 g - 4 throwing nets (quivered)
Armour
 c - a +0 plate armour (worn)
 e - the +2 helmet of Cowardice (worn) {rC- Dex+9}
   (You took it off Robin on level 2 of the Dungeon)

   Dex:       It affects your dexterity (+9).
   rC:        It makes you vulnerable to cold.
 t - a +2 cloak (worn)
 u - a +0 pair of boots (worn)
 N - a +2 pair of gloves (worn)
Jewellery
 n - an amulet of reflection (around neck)
 q - a +6 ring of dexterity (left hand)
 r - a +4 ring of evasion
 z - the ring "Xet Rue" (right hand) {rN+ Will+ Str+3 Int+3}
   (You found it on level 11 of the Dungeon)

   [ring of willpower]

   Str:       It affects your strength (+3).
   Int:       It affects your intelligence (+3).
   rN:        It protects you from negative energy.
   Will:      It increases your willpower.
 D - an amulet of the acrobat
 K - a ring of protection from fire
 O - a ring of see invisible
Wands
 m - a wand of flame (40)
 p - a wand of charming (1)
 s - a wand of roots (16)
 F - a wand of quicksilver (5)
 J - a wand of digging (8)
Scrolls
 a - 5 scrolls of fear
 h - 2 scrolls of vulnerability
 j - 2 scrolls of enchant armour
 k - a scroll of fog
 l - 2 scrolls of immolation
 w - a scroll of teleportation
 x - a scroll of silence
 B - 3 scrolls of poison
 H - a scroll of magic mapping {unknown}
 M - a scroll of summoning {unknown}
Potions
 b - a potion of might
 d - a potion of invisibility
 f - 7 potions of lignification
 i - 2 potions of magic
 o - 5 potions of curing
 A - 3 potions of haste
 C - 3 potions of flight
 E - 3 potions of mutation
Miscellaneous
 I - a phantom mirror


   Skills:
 * Level 15.0 Fighting
 + Level 17.3 Axes
 * Level 14.8 Armour
 - Level 1.5 Dodging


You had 14 spell levels left.
You didn't know any spells.
Your spell library was empty.

Dungeon Overview and Level Annotations

Branches:
Dungeon (15/15)            Temple (0/1) D:5            Lair (4/5) D:8
  Snake (0/4) Lair:2          Orc (0/2) D:12         Vaults (0/5) D:13
 Depths (0/4) D:15
  Swamp: Lair:2-3    Shoals: Lair:2-3     Slime: Lair:4-5

Altars:
Ashenzari
Dithmenos
Elyvilon
Fedhas
Kikubaaqudgha
Makhleb
Ru
Trog
Vehumet
Wu Jian
Zin

Shops:
D:6 :![!*

Annotations:
D:8 2 transporters
D:9 2 transporters
D:10 3 runed translucent doors, geeeeen's ghost, novice FeTm
D:11 2 transporters, Refli's ghost, journeyman DrCj


Innate Abilities, Weirdness & Mutations

You are immune to sickness and miasma.
Your stone body is resilient. (AC +11)
You are immune to poison.
Your large and strong wings let you fly.
You resist negative energy. (rN+)
You are resistant to electric shocks. (rElec)
You are resistant to unholy torment.
You are immune to petrification.


Message History

The bog body casts a spell at you. The bolt of cold hits you!!!
You feel a terrible chill!
You are too injured to fight recklessly!
You are too injured to fight recklessly!
You are too injured to fight recklessly!
You are too injured to fight recklessly!
You closely miss the bog body.
The bog body touches you but does no damage.
You barely miss the bog body. The bog body casts a spell at you.
The bolt of cold hits you!!!
You feel a terrible chill!
* * * LOW HITPOINT WARNING * * *
Okay, then.
You feel better.
You feel better.
The electric eel shoots out a bolt of lightning at you!
The bolt of electricity hits you but does no damage.
The bog body gestures at you while chanting.
The bolt of cold misses you.
As you read the scroll of teleportation, it crumbles to dust.
You feel strangely unstable. The bog body closely misses you.
The bog body touches you but does no damage.
The electric eel shoots out a bolt of lightning at you!
The bolt of electricity hits you but does no damage.
You feel better.
The bog body gestures at you while chanting.
You resist with almost no effort.
The bog body touches you but does no damage.
You slice the bog body!!
The bog body is severely damaged.
You hit the bog body.
The bog body touches you but does no damage.
The bog body points at you and mumbles some strange words.
The bolt of cold hits you!!!
You feel a terrible chill!
* * * LOW HITPOINT WARNING * * *
You feel better.
The bog body touches you but does no damage.
The bog body gestures at you while chanting.
The bolt of cold hits you!!
You feel a terrible chill!
You die...

♣#.÷..##.# ### S§
#...###.#♣♣.♣♣ ♣♣§
♣♣♣...#P..#.♣.♣. ♣~.
≈♣♣.......#.♣.♣. ### ♣~.
≈♣♣....P#.#..... ##.####♣♣~.
~♣♣...###.#.###. #......♣♣~.
≈♣♣....##.##...#
##......♣♣~.♣n♣♣....##.##...#
#.......♣♣~n@♣♣♣....##.#..~..
##......♣♣~.♣≈♣♣.......##...#
###.......♣~..~♣........##...#
#.........♣~.♣≈♣........#.###.
###.......♣~..~♣........#.....
#.......♣†♣.~♣.....##.#.♣.♣.
#.......♣♣.)♣♣.....#.##.♣.♣.
#........♣..♣.........#♣♣.♣♣
##........♣..♣.#.......######


You could see 2 bog bodies and an electric eel.

Vanquished Creatures
  Frances (D:12)
  An ettin (D:15)
  9 hydras
  A vault guard (D:13)
  4 two-headed ogres
  4 boulder beetles
  A death knight (D:15)
  2 tengu warriors (D:15)
  2 catoblepae
  Erica (D:7)
  4 centaur warriors
  6 death yaks
  Urug (D:11)
  A skeletal warrior (D:15)
  Nergalle (D:11)
  Amaemon (D:11)
  A phantasmal warrior (D:15)
  2 bog bodies (Lair:3)
  2 necromancers (D:15)
  2 deep elf pyromancers
  11 ugly things
  3 cyclopes
  4 manticores
  9 elephants
  6 black mambas
  A guardian serpent (shapeshifter) (D:15)
  4 gargoyles
  2 unseen horrors
  3 torpor snails (Lair:3)
  2 cane toads
  An orange demon (D:11)
  4 rime drakes
  8 komodo dragons
  2 kobold demonologists (D:10)
  An efreet (D:15)
  A yaktaur (D:15)
  3 hornets
  A polar bear (D:10)
  3 trolls
  14 blink frogs
  9 slime creatures
  A dream sheep (Lair:3)
  8 spriggans (D:8)
  23 yaks
  A centaur simulacrum (D:10)
  2 shadows
  3 wraiths
  2 basilisks
  2 steam dragons
  A swamp worm (Lair:3)
  9 vampire mosquitoes
  4 nagas (Lair:2)
  10 water moccasins
  An acid dragon (shapeshifter) (D:15)
  An acid dragon (D:8)
  An ice beast (D:7)
  2 orc warriors (D:8)
  2 sky beasts
  A black bear (D:4)
  2 ogres
  11 wolves
  14 centaurs
  13 bullfrogs
  2 kobold brigands (D:9)
  2 gnoll sergeants
  4 wights (D:9)
  14 killer bees
  3 electric eels
  A howler monkey (D:4)
  7 hounds
  A jelly (D:5)
  A gnoll bouda (D:9)
  3 orc priests
  5 iguanas
  Jessica (D:2)
  8 orc wizards
  7 hell rats (Lair:3)
  Robin (D:2)
  13 gnolls
  5 adders
  4 white imps
  A howler monkey simulacrum (D:10)
  4 ufetubi
  7 worms
  11 dart slugs
  35 orcs
  11 ball pythons
  4 bats (D:1)
  3 bat zombies (D:6)
  9 endoplasms
  5 giant cockroaches
  15 goblins
  5 hobgoblins
  9 jackals
  3 quokkas
  5 frilled lizards
  25 kobolds
  12 rats
  4 rat zombies (D:6)
503 creatures vanquished.

Vanquished Creatures (others)
  A dart slug (D:4)
  A fire vortex (Lair:3)
  19 fungi
  68 plants
89 creatures vanquished.

Grand Total: 592 creatures vanquished

Notes
Turn   | Place    | Note
-------+----------+-------------------------------------------
     0 | D:1      | Kel the Gargoyle Berserker began the quest for the Orb.
     0 | D:1      | Reached XP level 1. HP: 14/14 MP: 1/1
    33 | D:1      | Reached skill level 3 in Axes
    40 | D:1      | Reached XP level 2. HP: 13/19 MP: 2/2
   639 | D:1      | Reached XP level 3. HP: 10/23 MP: 3/3
   642 | D:1      | Reached ** piety under Trog
  1227 | D:2      | Reached skill level 4 in Axes
  1415 | D:2      | Reached XP level 4. HP: 28/28 MP: 4/4
  1557 | D:2      | Identified the +2 helmet of Cowardice {rC- Dex+9}
  1557 | D:2      | Noticed Robin
  1569 | D:2      | Killed Robin
  1873 | D:2      | Noticed Jessica
  1879 | D:2      | Killed Jessica
  1880 | D:2      | Reached skill level 5 in Axes
  1880 | D:2      | Reached XP level 5. HP: 29/32 MP: 5/5
  2178 | D:2      | Found a shadowy altar of Dithmenos.
  2699 | D:3      | Reached *** piety under Trog
  3793 | D:4      | Found a broken altar of Ashenzari.
  4035 | D:4      | Found a white marble altar of Elyvilon.
  4051 | D:4      | Reached skill level 6 in Axes
  4051 | D:4      | Reached XP level 6. HP: 33/37 MP: 6/6
  4592 | D:4      | Found a radiant altar of Vehumet.
  4994 | D:4      | Found a sacrificial altar of Ru.
  5243 | D:5      | Entered Level 5 of the Dungeon
  5458 | D:5      | Noticed a black bear
  5637 | D:4      | Killed a black bear
  5638 | D:4      | Reached skill level 7 in Axes
  5638 | D:4      | Reached XP level 7. HP: 41/41 MP: 7/7
  5886 | D:5      | Reached skill level 8 in Axes
  6027 | D:5      | Found a blossoming altar of Fedhas.
  6052 | D:5      | Found a staircase to the Ecumenical Temple.
  6102 | D:6      | Found Bepi's Book Emporium.
  6147 | D:6      | Reached XP level 8. HP: 42/46 MP: 8/8
  6173 | D:6      | Reached skill level 9 in Axes
  6189 | D:6      | Reached **** piety under Trog
  6367 | D:6      | Found Uca Abre's Distillery.
  6541 | D:6      | Found an ancient bone altar of Kikubaaqudgha.
  6724 | D:6      | Found Tenken's Antique Armour Boutique.
  6742 | D:6      | Found a burning altar of Makhleb.
  6752 | D:6      | Found Waipothieb's Distillery.
  6815 | D:6      | Found Fisik's General Store.
  7239 | D:6      | Reached skill level 10 in Axes
  7497 | D:7      | Reached XP level 9. HP: 25/51 MP: 9/9
  7845 | D:7      | Reached skill level 11 in Axes
  8199 | D:7      | Noticed a gargoyle
  8229 | D:7      | Killed a gargoyle
  8391 | D:7      | Reached skill level 12 in Axes
  8751 | D:8      | Noticed a death yak
  8751 | D:8      | Noticed Erica
  8869 | D:7      | Killed Erica
  9043 | D:8      | Reached XP level 10. HP: 50/56 MP: 10/10
  9046 | D:8      | Noticed a death yak
  9050 | D:8      | Noticed a death yak
  9149 | D:8      | Killed a death yak
  9150 | D:8      | Reached skill level 13 in Axes
  9157 | D:8      | Killed a death yak
  9165 | D:8      | Killed a death yak
  9166 | D:8      | Reached skill level 14 in Axes
  9278 | D:8      | Found a staircase to the Lair.
  9682 | D:8      | Found a transporter.
  9683 | D:8      | Noticed a manticore
 10022 | D:8      | Reached skill level 15 in Axes
 10022 | D:8      | Reached XP level 11. HP: 60/60 MP: 11/11
 10442 | D:8      | Found a transporter.
 10445 | D:8      | Found a glowing silver altar of Zin.
 10848 | D:9      | Noticed a two-headed ogre
 10859 | D:9      | Killed a two-headed ogre
 10977 | D:9      | Noticed a two-headed ogre
 10987 | D:9      | Killed a two-headed ogre
 11293 | D:9      | Found an ornate altar of the Wu Jian Council.
 11336 | D:9      | Reached skill level 5 in Fighting
 11375 | D:9      | Found a transporter.
 11822 | D:9      | Found a transporter.
 12144 | D:9      | Identified the +1 robe "Fyxtin" {Harm rF- Int+2}
 12627 | D:10     | Entered Level 10 of the Dungeon
 12645 | D:10     | Reached skill level 5 in Armour
 12854 | D:10     | Noticed geeeeen's ghost (novice FeTm)
 12856 | D:10     | Found a runed translucent gate.
 12856 | D:10     | Found a runed translucent gate.
 12856 | D:10     | Found a runed translucent gate.
 12864 | D:10     | Found the +15 Maxwell's patent armour {-Cast -Tele rElec
                  | Will+ rCorr}
 13998 | D:10     | Noticed a sun demon
 14260 | D:11     | Noticed a manticore
 14273 | D:11     | Killed a manticore
 14362 | D:11     | Reached XP level 12. HP: 67/72 MP: 12/12
 14476 | D:11     | Noticed Nergalle
 14491 | D:11     | Killed Nergalle
 14548 | D:11     | Noticed a tengu warrior
 14559 | D:11     | Found a transporter.
 14559 | D:11     | Noticed Refli's ghost (journeyman DrCj)
 14560 | D:11     | Noticed a two-headed ogre
 14562 | D:11     | Found a bloodstained altar of Trog.
 14571 | D:11     | Noticed Urug
 14595 | D:11     | Noticed a two-headed ogre
 14898 | D:11     | Killed a two-headed ogre
 14964 | D:11     | Killed Urug
 15097 | D:11     | Noticed Amaemon
 15112 | D:11     | Killed Amaemon
 15179 | D:11     | Identified the ring "Xet Rue" {rN+ Will+ Str+3 Int+3}
 15340 | D:11     | Noticed a five-headed hydra
 15354 | D:11     | Killed a five-headed hydra
 15356 | D:11     | Found a transporter.
 15856 | D:12     | Reached skill level 16 in Axes
 15964 | D:12     | Identified the +6 rapier "Nise Astuo" {vorpal, Str+4}
 15991 | D:12     | Found a staircase to the Orcish Mines.
 16123 | D:12     | Noticed Frances
 16139 | D:12     | Killed Frances
 16401 | D:12     | Noticed a seven-headed hydra
 16430 | D:11     | Killed a seven-headed hydra
 16431 | D:11     | Reached skill level 10 in Fighting
 16840 | D:12     | Reached XP level 13. HP: 66/82 MP: 13/13
 17339 | D:13     | Reached skill level 10 in Armour
 17411 | D:13     | Noticed a vault guard
 17414 | D:13     | Killed a vault guard
 17526 | D:13     | Found a gate to the Vaults.
 18500 | D:14     | You fall into a shaft and drop 1 floor!
 18500 | D:15     | Entered Level 15 of the Dungeon
 19608 | D:15     | Noticed an ettin
 19619 | D:15     | Killed an ettin
 19653 | D:15     | Gained mutation: Your large and strong wings let you fly.
                  | [Gargoyle growth]
 19653 | D:15     | Reached XP level 14. HP: 21/92 MP: 14/14
 19953 | D:15     | Found a staircase to the Depths.
 20058 | D:15     | Reached ***** piety under Trog
 20848 | Lair:1   | Entered Level 1 of the Lair of Beasts
 22351 | Lair:2   | Found a staircase to the Snake Pit.
 22686 | Lair:2   | You are sucked into a shaft and drop 2 floors!
 22726 | Lair:4   | Reached skill level 17 in Axes
 24515 | Lair:3   | Identified the +8 arbalest "Owkocoju" {flame, rC+ rN+
                  | Will-}
 24817 | Lair:3   | Reached XP level 15. HP: 58/101 MP: 15/15
 25159 | Lair:3   | Received a gift from Trog
 26079 | Lair:3   | Reached skill level 15 in Fighting
 26095 | Lair:3   | Killed from afar by a bog body

Illustrated notes

Levels and vault maps discovered:
D:1:      beargit_arrival_diablo_church, layout_basic
D:2:      layout_basic, basic_altar, uniq_robin, uniq_jessica
D:3:      layout_basic, st_stairs_5
D:4:      cheibrodos_barr_body, layout_loops_ring, nicolae_ashenzari_panopticon,
          hangedman_ru_absence, fiery_altar_vehumet,
          mainiacjoe_overflow_cross_hatched
D:5:      nicolae_cairo_tiling_large_dashed, layout_cave_pools, fedhas_altar_1
D:6:      kennysheep_slugbush, layout_loops_ring,
          lemuel_zombie_altar_kikubaaqudgha,
          mainiacjoe_overflow_surrounded_room, serial_shops, shop,
          nicolae_square_shop, nicolae_shop_trees, nicolae_shop_crystal,
          nicolae_stop_n_shop_1, amcnicky_mini_pool_medium
D:7:      layout_gridville
D:8:      kb_forest_paths, layout_rooms, gammafunk_temple_overflow_arena,
          dpeg_lair_monsters, uniq_erica
D:9:      gammafunk_cloud_chamber, layout_layer_cave,
          mainiacjoe_overflow_catwalk
D:10:     layout_rooms, serial_ice, serial_ice_f, serial_ice_k, serial_ice_d,
          serial_ice_o, biasface_ghost_orc_armoury
D:11:     layout_long_grid, gammafunk_ghost_wrathful_warriors, uniq_amaemon,
          uniq_urug, uniq_nergalle
D:12:     layout_loops_cross, orc_0_dummy, uniq_frances
D:13:     layout_layer_cave, david_vaults_5, serial_glass, glass_columns_a,
          glass_columns_c, feat_on_display, chequers_serial_rivers_room_a
D:14:     layout_rooms, infiniplex_staircase_pool_2
D:15:     hangedman_depths_entry_civil_slaughter, layout_basic
Lair:1:   layout_cellular_growth
Lair:2:   layout_hall_layers, minmay_snake_entry_guardpost_small
Lair:3:   nzn_winding_woodlands_large [nzn_winding_woodlands_5x5_closed_star,
          nzn_winding_woodlands_5x15_longhouse,
          nzn_winding_woodlands_5x5_open_star,
          nzn_winding_woodlands_center_lodge,
          nzn_winding_woodlands_15x15_five_gardens,
          nzn_winding_woodlands_center_pierced_h,
          nzn_winding_woodlands_5x5_three, nzn_winding_woodlands_5x15_pool,
          nzn_winding_woodlands_hourglass], layout_gridlike,
          nicolae_swamp_entry_splash_gauntlet, basic_altar,
          chequers_serial_rivers_micro_e, hangedman_lair_generics_rect
Lair:4:   layout_roguey, grunt_megastairs_3, lemuel_fruit_tree

Skill      XL: |  1  2  3  4  5  6  7  8  9 10 11 12 13 14 15 |
---------------+----------------------------------------------+-----
Axes           | 3 4 5 6 7 8 10 12 15 16 17 | 17.3
Fighting       | 7 10 12 14 15 | 15.0
Armour         | 6 9 12 14 | 14.8
Dodging        | |  1.5

Action                   |  1- 3 |  4- 6 |  7- 9 | 10-12 | 13-15 || total
-------------------------+-------+-------+-------+-------+-------++-------
Melee: Hand axe          |   100 |   231 |   285 |   267 |       ||   883
       Punch             |     1 |     1 |     3 |    13 |     7 ||    25
       Flail             |       |       |       |   229 |       ||   229
       War axe           |       |       |       |    90 |   193 ||   283
       Unarmed           |       |       |       |    25 |   126 ||   151
       Battleaxe         |       |       |       |       |   407 ||   407
Invok: Berserk           |     1 |     3 |     4 |    23 |    18 ||    49
  Use: Scroll            |       |       |     8 |     4 |    17 ||    29
       Potion            |       |       |       |     4 |    13 ||    17
Armor: Animal skin       |    25 |       |       |       |       ||    25
       Robe              |     5 |    11 |       |       |       ||    16
       Leather armour    |     4 |       |       |       |       ||     4
       Skin              |     1 |       |       |       |       ||     1
       Scale mail        |       |    88 |   145 |     6 |       ||   239
       Plate armour      |       |       |       |   441 |   727 ||  1168
Dodge: Dodged            |    60 |   117 |   119 |   200 |   301 ||   797
Block: Other             |       |    31 |    39 |   162 |   186 ||   418
       Reflection        |       |     2 |       |     2 |    15 ||    19
